[Event "Titled Tuesday Blitz May 23 Early 2023"]
[White "Degenbaev, Aziz"]
[Black "Zemlyanskii, Ivan"]
[WhiteFideId "13802640"]
[BlackFideId "24249971"]
[WhiteElo "2152"]
[BlackElo "2421"]
[Result "0-1"]
[Round "05"]
[TimeControl "180+2"]
[Date "2023.05.23"]
[WhiteClock "0:00:00"]
[BlackClock "0:00:05"]

1. e4 c5 2. Nf3 e6 3. d4 cxd4 4. Nxd4 Nf6 5. Nc3 Nc6 6. a3 d6 7. Be3 Be7 8. f4 O-O 9. Nxc6 bxc6 10. Qf3 e5 11. f5 d5 12. O-O-O d4 13. Nb1 Qb6 14. Bf2 Rb8 15. b3 a5 16. a4 Nd7 17. h4 Nc5 18. g4 Nxa4 19. g5 Nc5 20. f6 Bd8 21. fxg7 Re8 22. Bc4 Be6 23. Bxe6 Rxe6 24. Rhf1 Rb7 25. Na3 a4 26. Nc4 Qb4 27. Bxd4 exd4 28. Rxd4 Re8 29. Nd6 Qxd4 30. Nxb7 Re7 31. Nxc5 Qxc5 32. Qd3 Bc7 33. Qa6 Kxg7 34. h5 Qxg5+ 35. Kb1 axb3 36. cxb3 Qg2 37. Qc4 Be5 0-1


[Site "https://www.chess.com"]

[Event "Titled Tuesday Blitz May 23 Early 2023"]
[White "gueraumasague"]
[Black "Schmakel, Sam"]
[BlackFideId "2039311"]
[WhiteElo "2540"]
[BlackElo "2356"]
[Result "0-1"]
[Round "05"]
[TimeControl "180+2"]
[Date "2023.05.23"]
[WhiteClock "0:00:00"]
[BlackClock "0:00:13"]

1. e4 g6 2. d4 Bg7 3. Be3 d6 4. Qd2 Nc6 5. Ne2 e5 6. d5 Nce7 7. c4 f5 8. f3 Nf6 9. Nbc3 O-O 10. h3 b6 11. O-O-O a6 12. g4 f4 13. Bf2 Nd7 14. Kb1 a5 15. Nc1 Nc5 16. h4 h6 17. b3 Rf7 18. Qc2 Bf8 19. a3 Bd7 20. Nd3 Qb8 21. Nb2 Na6 22. Nb5 Kh7 23. g5 h5 24. Bh3 Qc8 25. Bxd7 Qxd7 26. Rc1 Nc8 27. Qc3 Na7 28. Nxa7 Rxa7 29. b4 axb4 30. axb4 Be7 31. Qb3 Rf8 32. Nd3 Rfa8 33. Kb2 Nb8 34. b5 Qc8 35. Nb4 Kg7 36. Rc3 Ra4 37. Rc2 Kf7 38. Nd3 Nd7 39. Be1 Qb7 40. Bb4 Nc5 41. Bxc5 bxc5 42. Rb1 Qc8 43. Rh2 R8a5 44. Kc1 Ra3 45. Qc2 Qa8 46. Ne1 Re3 47. Kd2 Raa3 0-1


[Site "https://www.chess.com"]

[Event "Titled Tuesday Blitz May 23 Early 2023"]
[White "Zhu, Jiner"]
[Black "Seo, Jung Min"]
[WhiteFideId "8608059"]
[BlackFideId "1734687"]
[WhiteElo "2384"]
[BlackElo "2468"]
[Result "0-1"]
[Round "05"]
[TimeControl "180+2"]
[Date "2023.05.23"]
[WhiteClock "0:00:06"]
[BlackClock "0:00:43"]

1. c4 Nf6 2. Nc3 e6 3. e4 c5 4. e5 Ng8 5. d4 cxd4 6. Qxd4 Nc6 7. Qe4 d6 8. Nf3 dxe5 9. Nxe5 Bd7 10. Nxd7 Qxd7 11. Bg5 Nf6 12. Bxf6 gxf6 13. Rd1 Qc7 14. Be2 Bg7 15. O-O O-O 16. Rd3 f5 17. Qh4 Ne5 18. Rg3 Ng6 19. Qh5 Rfd8 20. h4 a6 21. Qg5 h6 22. Qc1 Qf4 23. h5 Qxc1 24. Rxc1 Nf4 25. Bf3 Rab8 26. Ne2 Nd3 27. Rc2 Kf8 28. Nc1 Nb4 29. Rxg7 Kxg7 30. Rc3 Rd2 31. Rb3 Rc2 32. Ne2 Rxc4 33. a3 Nc6 34. Nc3 Nd4 0-1


[Site "https://www.chess.com"]

[Event "Titled Tuesday Blitz May 23 Early 2023"]
[White "Wagner, Dennis"]
[Black "Liu, Casper"]
[WhiteFideId "24650684"]
[BlackFideId "1454153"]
[WhiteElo "2478"]
[BlackElo "2221"]
[Result "0-1"]
[Round "05"]
[TimeControl "180+2"]
[Date "2023.05.23"]
[WhiteClock "0:00:03"]
[BlackClock "0:00:24"]

1. e4 c5 2. Nf3 d6 3. Bb5+ Bd7 4. c4 g6 5. d4 cxd4 6. Nxd4 Bg7 7. Nc3 Nf6 8. Be3 O-O 9. Bxd7 Qxd7 10. h3 Nc6 11. O-O a6 12. Rc1 Rfc8 13. Na4 Qd8 14. Nxc6 Rxc6 15. Qd3 Rac8 16. b3 Qa5 17. Nc3 b5 18. cxb5 Rxc3 19. Bd2 Nd7 20. Bxc3 Bxc3 21. bxa6 Ne5 22. Qe2 Rc6 23. Rc2 Bd4 24. Rxc6 Nxc6 25. Qc4 Bc5 26. Rc1 Nb4 27. a4 Nxa6 28. Qb5 Qd2 29. Rf1 Nb4 30. a5 Nd3 31. a6 Nxf2 32. Kh2 Qf4+ 33. g3 Qd2 34. Qb8+ Kg7 35. Kg2 Ng4+ 36. Kf3 Nh2# 0-1


[Site "https://www.chess.com"]

[Event "Titled Tuesday Blitz May 23 Early 2023"]
[White "Turzo, Attila"]
[Black "Papasimakopoulos, Alexandros"]
[WhiteFideId "704954"]
[BlackFideId "4244125"]
[WhiteElo "2496"]
[BlackElo "2359"]
[Result "0-1"]
[Round "05"]
[TimeControl "180+2"]
[Date "2023.05.23"]
[WhiteClock "0:00:00"]
[BlackClock "0:00:08"]

1. d4 e6 2. c4 Nf6 3. g3 Bb4+ 4. Bd2 Be7 5. Bg2 d5 6. Nf3 O-O 7. O-O Ne4 8. Qc2 c6 9. Rd1 f5 10. Be1 Nd7 11. Nbd2 Bf6 12. Rac1 g5 13. Nb3 g4 14. Nfd2 Bg5 15. e3 Ndf6 16. Nc5 h5 17. Nd3 h4 18. Nf4 hxg3 19. hxg3 Qd7 20. b4 a6 21. a4 Qh7 22. cxd5 exd5 23. b5 axb5 24. axb5 Bd7 25. Nxe4 Nxe4 26. bxc6 bxc6 27. Ra1 Bxf4 28. exf4 Qg7 29. Qb2 Rab8 30. Qa3 Be6 31. Bxe4 dxe4 32. Qd6 Bd5 33. Bd2 e3 34. Bxe3 Rbd8 35. Qe5 Qh6 36. Kf1 Rde8 37. Qc7 Rf7 38. Qb6 Bf3 39. Ke1 Bxd1 40. Rxd1 Qe6 41. Kf1 Qd5 42. Qc5 Qh1+ 43. Ke2 Qf3+ 44. Kd2 Rb7 45. Qc4+ Kg7 46. Rc1 Rb2+ 47. Rc2 Rxc2+ 48. Kxc2 Qe4+ 49. Kd2 Qd5 50. Qa6 Re7 51. Qa8 Rd7 52. Qe8 c5 0-1


[Site "https://www.chess.com"]

[Event "Titled Tuesday Blitz May 23 Early 2023"]
[White "Ashraf, Artin"]
[Black "Shubenkova, Veronika"]
[WhiteFideId "22514805"]
[BlackFideId "44124040"]
[WhiteElo "2188"]
[BlackElo "2060"]
[Result "1-0"]
[Round "05"]
[TimeControl "180+2"]
[Date "2023.05.23"]
[WhiteClock "0:02:12"]
[BlackClock "0:02:03"]

1. Nf3 d5 2. b3 Nf6 3. Bb2 g6 4. e3 Bg7 5. c4 c6 6. h3 O-O 7. Be2 Nbd7 8. O-O Re8 9. d4 Ne4 10. Nc3 Nxc3 11. Bxc3 e6 12. Bb4 f5 13. Bd6 Nf6 14. Bh2 Ne4 15. c5 g5 16. Ne5 Nf6 17. b4 a6 18. a4 Nd7 19. Bh5 Rf8 20. Nd3 Nf6 21. Be2 Bd7 22. Qb3 Qe8 23. Bd6 Rf7 24. Ne5 Ne4 25. Nxf7 Kxf7 26. Bh5+ 1-0


[Site "https://www.chess.com"]

[Event "Titled Tuesday Blitz May 23 Early 2023"]
[White "Garakov, Mikhael"]
[Black "Nazari, Arad"]
[WhiteFideId "4169034"]
[BlackFideId "12577324"]
[WhiteElo "2347"]
[BlackElo "2175"]
[Result "0-1"]
[Round "05"]
[TimeControl "180+2"]
[Date "2023.05.23"]
[WhiteClock "0:00:00"]
[BlackClock "0:00:05"]

1. e4 c5 2. Nf3 d6 3. d4 cxd4 4. Nxd4 Nf6 5. Nc3 a6 6. f4 e5 7. Nf3 Nbd7 8. a4 Qc7 9. Bd3 Be7 10. O-O O-O 11. Kh1 Nc5 12. Qe1 Re8 13. fxe5 dxe5 14. Qg3 Be6 15. Qxe5 Bd6 16. Qg5 h6 17. Qh4 Ng4 18. Bd2 Rad8 19. Rad1 Be7 20. Qe1 Nxd3 21. cxd3 Rxd3 22. e5 Qb6 23. Bc1 Rxd1 24. Nxd1 Bc4 25. Rg1 Rd8 26. Ne3 Nxe3 27. Bxe3 Qxb2 28. Qg3 Kf8 29. Qf4 Be6 30. Nd4 Qa2 31. Nxe6+ Qxe6 32. Rf1 Kg8 33. Qe4 b5 34. axb5 axb5 35. Bf4 b4 36. Qb7 h5 37. Bg3 h4 38. Be1 Rd1 39. Qf3 Qd5 40. Qe2 b3 41. e6 fxe6 42. Qf2 Bf6 43. Qb6 b2 44. Qb8+ Kh7 0-1


[Site "https://www.chess.com"]

[Event "Titled Tuesday Blitz May 23 Early 2023"]
[White "Dimitrov, Atanas"]
[Black "Senft, Sean"]
[WhiteFideId "2901315"]
[BlackFideId "2044960"]
[WhiteElo "2711"]
[BlackElo "1989"]
[Result "1-0"]
[Round "05"]
[TimeControl "180+2"]
[Date "2023.05.23"]
[WhiteClock "0:00:13"]
[BlackClock "0:00:00"]

1. Nf3 c5 2. c4 Nc6 3. Nc3 g6 4. b3 Bg7 5. Bb2 d6 6. e3 e5 7. Be2 Nge7 8. O-O O-O 9. d3 Be6 10. Ng5 Qd7 11. Nxe6 Qxe6 12. Bf3 Qd7 13. g3 Rae8 14. Qd2 f5 15. Nd5 Nxd5 16. Bxd5+ Kh8 17. a3 e4 18. Bxg7+ Qxg7 19. Bxc6 bxc6 20. dxe4 fxe4 21. Qxd6 Rf6 22. Qxc5 Ref8 23. Rad1 Qh6 24. Qd4 Qh3 25. Qxe4 Rf5 26. Qg2 Qg4 27. Qxc6 Qe2 28. Qg2 Qb2 29. Rd4 Qxb3 30. Qe4 Qa2 31. f4 Qxa3 32. Rd7 R5f7 33. Qe5+ Kg8 34. Rfd1 Rxd7 35. Rxd7 Rf7 36. Qe8+ 1-0


[Site "https://www.chess.com"]

[Event "Titled Tuesday Blitz May 23 Early 2023"]
[White "Kovalevsky, Stanislav"]
[Black "Volkov, Maksim"]
[WhiteFideId "13508598"]
[BlackFideId "54123070"]
[WhiteElo "2174"]
[BlackElo "2297"]
[Result "0-1"]
[Round "05"]
[TimeControl "180+2"]
[Date "2023.05.23"]
[WhiteClock "0:00:00"]
[BlackClock "0:00:06"]

1. c4 e6 2. e4 d5 3. exd5 exd5 4. cxd5 Nf6 5. Nc3 Nxd5 6. Bc4 Nb6 7. Bb3 Be7 8. d4 O-O 9. Nge2 Nc6 10. O-O Bg4 11. f3 Bh5 12. Be3 Re8 13. Nf4 Bg5 14. Nxh5 Bxe3+ 15. Kh1 Nxd4 16. Ne4 Qh4 17. g4 Rad8 18. Re1 Bg5 19. Qd3 Be7 20. Rad1 Bb4 21. Rf1 a5 22. a3 Bf8 23. Qe3 c5 24. Ba2 Kh8 25. Bxf7 Re7 26. Ba2 Rde8 27. Qg5 Qxg5 28. Nxg5 h6 29. Nf7+ Kh7 30. g5 Kg6 31. Nf4+ Kf5 32. Nd3 c4 33. gxh6 Rxf7 34. h7 Be7 35. Nf2 Ne6 36. Ng4 Rh8 37. Bb1+ Kg5 38. Rde1 Nf4 39. Re5+ Kh4 0-1


[Site "https://www.chess.com"]

[Event "Titled Tuesday Blitz May 23 Early 2023"]
[White "Matveeva, Olga"]
[Black "Matinian, Nikita"]
[WhiteFideId "24107018"]
[BlackFideId "24129100"]
[WhiteElo "2009"]
[BlackElo "2422"]
[Result "0-1"]
[Round "05"]
[TimeControl "180+2"]
[Date "2023.05.23"]
[WhiteClock "0:00:18"]
[BlackClock "0:01:08"]

1. d4 Nf6 2. c4 e6 3. g3 Bb4+ 4. Bd2 a5 5. Bg2 d5 6. a3 Bxd2+ 7. Nxd2 O-O 8. e4 Nc6 9. Ne2 Nxe4 10. Nxe4 dxe4 11. Bxe4 e5 12. dxe5 Nxe5 13. Qc2 Bh3 14. Bxh7+ Kh8 15. Be4 Re8 16. Rd1 Qf6 17. f4 Ng4 18. Rd5 g6 19. Nc3 Ne3 20. Qd3 Nxd5 21. cxd5 Bg2 22. Rg1 Bxe4 23. Nxe4 Qf5 0-1


[Site "https://www.chess.com"]

[Event "Titled Tuesday Blitz May 23 Early 2023"]
[White "Smith, Shreyas"]
[Black "Radzhabov, Rodion"]
[WhiteFideId "7400713"]
[BlackFideId "884715"]
[WhiteElo "2151"]
[BlackElo "2215"]
[Result "0-1"]
[Round "05"]
[TimeControl "180+2"]
[Date "2023.05.23"]
[WhiteClock "0:00:00"]
[BlackClock "0:01:03"]

1. e4 c5 2. Nf3 e6 3. g3 Nc6 4. Bg2 Nf6 5. Qe2 Qc7 6. O-O e5 7. c3 Be7 8. d3 O-O 9. Bg5 b5 10. Na3 Rb8 11. Nc2 d6 12. Ne3 Be6 13. Nh4 h6 14. Bxf6 Bxf6 15. Nhf5 Kh7 16. Nd5 Bxd5 17. exd5 Ne7 18. Qg4 Qc8 19. Ne3 Qxg4 20. Nxg4 b4 21. Rab1 h5 22. Nxf6+ gxf6 23. f4 Kg7 24. d4 bxc3 25. bxc3 exd4 26. cxd4 cxd4 27. Rfe1 Nf5 28. Bh3 Ne3 29. Rec1 d3 30. Rxb8 Rxb8 0-1


[Site "https://www.chess.com"]

[Event "Titled Tuesday Blitz May 23 Early 2023"]
[White "Tsyhanchuk, Stanislav"]
[Black "Chan, Luis"]
[WhiteFideId "13505130"]
[BlackFideId "3216357"]
[WhiteElo "2173"]
[BlackElo "2127"]
[Result "1-0"]
[Round "05"]
[TimeControl "180+2"]
[Date "2023.05.23"]
[WhiteClock "0:00:03"]
[BlackClock "0:00:05"]

1. c4 Nf6 2. Nc3 g6 3. e4 d6 4. d4 Bg7 5. f4 O-O 6. Nf3 c5 7. d5 e6 8. Be2 exd5 9. exd5 Re8 10. O-O Bf5 11. Bd3 Ne4 12. Nxe4 Bxe4 13. Bxe4 Rxe4 14. Ng5 Rxc4 15. Qe2 Rd4 16. f5 h6 17. Nxf7 Qf6 18. Qe8+ Kh7 19. fxg6+ Qxg6 20. Bf4 Re4 21. Qc8 Qxf7 22. Bxd6 Qd7 23. Qxd7 Nxd7 24. Rf7 Nf6 25. Rf1 Kg6 26. Rxb7 Rd8 27. Bxc5 Rxd5 28. Bb4 Ng4 29. Bc3 Bxc3 30. bxc3 Ne3 31. Rc1 Rd2 32. g3 Rxa2 33. Rc7 Rc4 34. Re7 Nd5 35. Re6+ Kf7 36. Rxh6 Nxc3 37. Rf1+ Ke7 38. Rh7+ Kd6 39. Rh6+ Ke5 40. Rh5+ Kd4 41. Rf2 Rxf2 42. Kxf2 Ne4+ 43. Kf3 Rc3+ 44. Kf4 Nd2 45. Rh8 Rc7 46. Rd8+ Kc3 47. h4 a5 48. Ra8 Nc4 49. h5 Rf7+ 50. Kg5 Rg7+ 51. Kh4 Kb4 52. h6 Rg6 53. h7 Rxg3 54. h8=Q Rd3 55. Qb8+ Kc3 56. Qc7 Kb3 57. Rxa5 Nxa5 58. Qxa5 Rd4+ 59. Kg3 Rd3+ 60. Kf4 Rd4+ 61. Ke5 Ra4 62. Qd5+ Kb4 63. Qd3 Ra5+ 64. Kd4 Rb5 65. Qb1+ Ka5 66. Qa2+ Kb6 67. Kc4 Rc5+ 68. Kd4 Rc6 69. Qa4 Kc7 70. Kd5 Rd6+ 71. Kc5 Re6 72. Qa7+ Kd8 73. Kd5 Rf6 74. Qb8+ Ke7 75. Qc7+ Ke8 76. Ke5 Rf7 77. Qc8+ Ke7 78. Qc5+ Ke8 79. Ke6 Rd7 80. Qc8+ Rd8 81. Qc7 Rd6+ 82. Kxd6 Kf8 83. Ke6 Kg8 84. Kf6 Kh8 85. Qg7# 1-0


[Site "https://www.chess.com"]

[Event "Titled Tuesday Blitz May 23 Early 2023"]
[White "Makarian, Rudik"]
[Black "HamedWafa4"]
[WhiteFideId "44105681"]
[WhiteElo "2461"]
[BlackElo "2596"]
[Result "0-1"]
[Round "05"]
[TimeControl "180+2"]
[Date "2023.05.23"]
[WhiteClock "0:01:02"]
[BlackClock "0:00:28"]

1. d4 Nf6 2. c4 e6 3. Nf3 Bb4+ 4. Bd2 Bxd2+ 5. Qxd2 O-O 6. Nc3 d6 7. e4 Nc6 8. Be2 e5 9. O-O Bg4 10. d5 Bxf3 11. Bxf3 Nd4 12. Bd1 a5 13. Kh1 Nd7 14. Ne2 Nxe2 15. Bxe2 Nc5 16. f3 f5 17. exf5 Rxf5 18. b3 Qh4 19. g3 Qf6 20. Rab1 b6 21. a3 a4 22. b4 Nb3 23. Qe3 Nd4 24. Kg2 Rf8 25. Rf2 Qg5 26. Qxg5 Rxg5 27. Bd1 Rgf5 28. h4 h6 29. Rc1 g5 30. hxg5 hxg5 31. Rc3 g4 32. f4 exf4 33. Bxg4 Rg5 34. Bd1 b5 35. Rd3 Rxg3+ 36. Rxg3+ fxg3 37. Rd2 Nb3 38. Bxb3 axb3 39. cxb5 Rf2+ 0-1


[Site "https://www.chess.com"]

[Event "Titled Tuesday Blitz May 23 Early 2023"]
[White "Spitzl, Vinzent"]
[Black "Grigoriants, Sergey"]
[WhiteFideId "12901253"]
[BlackFideId "4130804"]
[WhiteElo "2225"]
[BlackElo "2502"]
[Result "1-0"]
[Round "05"]
[TimeControl "180+2"]
[Date "2023.05.23"]
[WhiteClock "0:00:20"]
[BlackClock "0:00:00"]

1. e4 c6 2. d4 d5 3. exd5 cxd5 4. Bd3 Nc6 5. c3 Nf6 6. Bf4 Bg4 7. Qb3 Qd7 8. Nd2 e6 9. h3 Bh5 10. Ngf3 Bd6 11. Bxd6 Qxd6 12. O-O O-O 13. Rfe1 Qc7 14. Qc2 Bg6 15. Bxg6 hxg6 16. Qd1 b5 17. a3 a5 18. b4 Ne7 19. Rc1 axb4 20. axb4 Ra3 21. Nb3 Ne4 22. Re3 Nf5 23. Rd3 Rfa8 24. Nc5 Ra2 25. Nd2 Qf4 26. Ncxe4 dxe4 27. g3 Qh6 28. Nxe4 Qxh3 29. g4 Qh4 30. gxf5 Qxe4 31. fxe6 Qxe6 32. d5 Qf5 33. Rf3 Qg5+ 34. Kf1 Rd2 35. Qe1 Rxd5 36. Qe3 Qh4 37. Rh3 Qc4+ 38. Kg2 Rad8 39. Re1 Rd3 40. Qe8+ 1-0


[Site "https://www.chess.com"]

[Event "Titled Tuesday Blitz May 23 Early 2023"]
[White "Nikologorskiy, Konstantin"]
[Black "Durarbayli, Vasif"]
[WhiteFideId "24111708"]
[BlackFideId "13402935"]
[WhiteElo "2273"]
[BlackElo "2551"]
[Result "0-1"]
[Round "05"]
[TimeControl "180+2"]
[Date "2023.05.23"]
[WhiteClock "0:00:03"]
[BlackClock "0:00:26"]

1. d4 Nf6 2. c4 e6 3. Nf3 b6 4. g3 Bb7 5. Bg2 Bb4+ 6. Bd2 a5 7. O-O O-O 8. Bg5 Be7 9. Nc3 Ne4 10. Bxe7 Qxe7 11. Qc2 Nxc3 12. Qxc3 d6 13. Rfe1 Be4 14. Nd2 Bxg2 15. Kxg2 Nc6 16. e4 e5 17. Nf3 Rad8 18. Rad1 h6 19. a3 Kh7 20. b4 axb4 21. axb4 exd4 22. Nxd4 Qf6 23. Re3 Ne5 24. Nf3 Ng4 25. Red3 Rde8 26. c5 Rxe4 27. cxd6 cxd6 28. h3 Qxc3 29. Rxc3 Nf6 30. Rxd6 Rxb4 31. Rcc6 b5 32. Rb6 Rc8 33. Rd4 Rb2 34. Rd2 Rxd2 35. Nxd2 Rc2 36. Nb3 Ne4 37. Rxb5 Rxf2+ 38. Kg1 Rf3 39. Kh2 Rxg3 40. Nd4 Rd3 41. Nf5 Rd2+ 42. Kg1 Ng5 43. Rb3 g6 44. Nh4 Kg7 45. Ng2 Ra2 46. Rc3 h5 47. Kh2 Ne4 48. Re3 Nd6 49. Rd3 Nf5 50. Kg1 Kf6 51. Rf3 Ke5 52. Rb3 Ra5 53. Rb4 Nd4 54. Rc4 Ke4 55. Rc3 Ne2+ 56. Kf2 Nxc3 57. Kg3 Nd5 0-1


[Site "https://www.chess.com"]

[Event "Titled Tuesday Blitz May 23 Early 2023"]
[White "Bayo Milagro, Alvaro"]
[Black "Ioannidis, Evgenios"]
[WhiteFideId "22275240"]
[BlackFideId "4229274"]
[WhiteElo "2270"]
[BlackElo "2386"]
[Result "1-0"]
[Round "05"]
[TimeControl "180+2"]
[Date "2023.05.23"]
[WhiteClock "0:00:06"]
[BlackClock "0:00:11"]

1. e4 e5 2. Nf3 Nc6 3. Bb5 a6 4. Ba4 Nf6 5. O-O Nxe4 6. d4 b5 7. Bb3 d5 8. dxe5 Be6 9. Qe2 Nc5 10. Rd1 Nxb3 11. axb3 Be7 12. c4 bxc4 13. bxc4 O-O 14. Nc3 d4 15. Qe4 Qe8 16. Nxd4 Nxd4 17. Qxd4 Rd8 18. Qe4 Rxd1+ 19. Nxd1 Qd7 20. Nc3 Rd8 21. Be3 Bb4 22. h3 Bxc3 23. bxc3 Qc8 24. Qc6 Qa8 25. Qxa6 Qb8 26. Qa7 Qb2 27. Kh2 h6 28. Ra6 Qxc3 29. Qxc7 Rc8 30. Qb7 Qxe5+ 31. g3 Rxc4 32. Ra8+ Kh7 33. Qb1+ Bf5 34. Qb8 Qe6 35. Qh8+ Kg6 36. Rg8 Qe5 37. Qxh6# 1-0


[Site "https://www.chess.com"]

[Event "Titled Tuesday Blitz May 23 Early 2023"]
[White "Vestby-Ellingsen, Mads"]
[Black "Kushko, Dmitriy"]
[WhiteFideId "1520857"]
[BlackFideId "14162261"]
[WhiteElo "2244"]
[BlackElo "2230"]
[Result "1-0"]
[Round "05"]
[TimeControl "180+2"]
[Date "2023.05.23"]
[WhiteClock "0:00:04"]
[BlackClock "0:00:00"]

1. Nf3 g6 2. e4 Bg7 3. d4 d6 4. Nc3 a6 5. h3 b5 6. Bd3 Bb7 7. O-O Nd7 8. Re1 c5 9. dxc5 Nxc5 10. a4 b4 11. Nd5 Nf6 12. Bg5 Bxd5 13. exd5 O-O 14. Bf1 Qc7 15. Bh4 Qb7 16. Bc4 Rfc8 17. Qe2 Rc7 18. a5 Nxd5 19. Rad1 Nf4 20. Qe3 Nce6 21. Bb3 h6 22. Bg3 g5 23. Kh2 Bxb2 24. Bxf4 Nxf4 25. Rg1 Bf6 26. Nd4 Rc3 27. Qe1 Qxg2+ 28. Rxg2 Rxh3+ 29. Kg1 Nxg2 30. Kxg2 Rc3 31. Nf5 Kf8 32. Qh1 Bg7 33. Kf1 Rac8 34. Nxh6 e6 35. Ng4 d5 36. Ne3 d4 37. Ng4 f5 38. Nh2 R8c6 39. Nf3 g4 40. Ng5 Ke7 41. Qh5 Kd6 42. Nxe6 Be5 43. Nxd4 Rh3 44. Nxf5+ Kc5 45. Qf7 Kb5 46. Qd5+ Rc5 47. Ba4+ Kxa5 48. Qxc5+ Kxa4 49. Qc6+ Ka3 50. Ke2 Rc3 51. Qxa6+ Kb2 52. Ne3 Bf4 53. Rd2 g3 54. Qg6 gxf2 55. Nd1+ Kb1 56. Nxc3+ bxc3 57. Rd1+ Kb2 58. Kxf2 Bd2 59. Ke2 1-0


[Site "https://www.chess.com"]

[Event "Titled Tuesday Blitz May 23 Early 2023"]
[White "Samunenkov, Ihor"]
[Black "Danielyan, Vahe"]
[WhiteFideId "14187086"]
[BlackFideId "13304828"]
[WhiteElo "2457"]
[BlackElo "2423"]
[Result "1/2-1/2"]
[Round "05"]
[TimeControl "180+2"]
[Date "2023.05.23"]
[WhiteClock "0:00:05"]
[BlackClock "0:00:05"]

1. e4 c6 2. d4 d5 3. e5 Bf5 4. Nf3 e6 5. Be2 Ne7 6. O-O c5 7. dxc5 Nec6 8. c4 d4 9. Bd3 Bxd3 10. Qxd3 Na6 11. a3 Nxc5 12. Qd1 a5 13. b3 Be7 14. Bb2 O-O 15. Qc2 f6 16. exf6 Bxf6 17. Nbd2 Qb6 18. Rab1 Rad8 19. Rfe1 d3 20. Qc1 Nd4 21. b4 Nxf3+ 22. gxf3 axb4 23. axb4 Nd7 24. c5 Qc6 25. Qc4 Rde8 26. Qxd3 Bxb2 27. Rxb2 Nf6 28. Qd6 Qc8 29. Nc4 Nd5 30. Rbe2 Nf4 31. Re4 e5 32. Nxe5 Qh3 33. Rxf4 Rxf4 34. c6 bxc6 35. Qxc6 Qe6 36. b5 Qxc6 37. bxc6 Rf5 38. c7 Rc8 39. Nc6 Rxc7 40. Ne7+ Rxe7 41. Rxe7 Rxf3 42. Kg2 Rf7 43. Re3 g6 44. Re2 Kg7 45. Re3 Kf6 46. Re2 Kg5 47. Re3 Rf4 48. Re5+ Kf6 49. Re3 Kf5 50. Ra3 Rg4+ 51. Kf3 Rf4+ 52. Kg3 Re4 53. Kf3 Re5 54. Ra7 h5 55. h4 Kf6 56. Kf4 Rf5+ 57. Kg3 Rb5 58. Ra6+ Kg7 59. Ra3 Rb4 60. Rd3 Kf6 61. Rf3+ Kg7 62. Rd3 Rg4+ 63. Kh3 Rf4 64. Kg3 Rg4+ 65. Kh3 Rf4 66. Kg3 Rg4+ 1/2-1/2


[Site "https://www.chess.com"]

[Event "Titled Tuesday Blitz May 23 Early 2023"]
[White "Kuzmin, Roman"]
[Black "Javakhadze, Zurab"]
[WhiteFideId "44134932"]
[BlackFideId "13603647"]
[WhiteElo "2122"]
[BlackElo "2381"]
[Result "0-1"]
[Round "05"]
[TimeControl "180+2"]
[Date "2023.05.23"]
[WhiteClock "0:00:00"]
[BlackClock "0:00:06"]

1. e4 e5 2. Nf3 Nc6 3. Bb5 a6 4. Ba4 Nf6 5. O-O Be7 6. Re1 b5 7. Bb3 d6 8. c3 O-O 9. h3 Nb8 10. d4 Nbd7 11. Nbd2 Bb7 12. Bc2 Re8 13. Nf1 Bf8 14. Ng3 g6 15. a4 c5 16. d5 c4 17. b4 cxb3 18. Bxb3 Nc5 19. Bc2 bxa4 20. Be3 Rc8 21. Nd2 Re7 22. c4 Rec7 23. Bxa4 Nxa4 24. Qxa4 Nd7 25. Rec1 h5 26. Nb3 Kh7 27. Rc2 Bh6 28. Nf1 f5 29. Bxh6 Kxh6 30. Qb4 Nf6 31. exf5 gxf5 32. Ng3 Kg6 33. Rcc1 f4 34. Nf1 Rb8 35. Qd2 Bxd5 36. cxd5 Rxb3 37. Rxc7 Qxc7 38. Rxa6 Qc4 39. Rxd6 Rb1 40. Kh2 Qxf1 41. Qc2+ Kg5 42. h4+ Kxh4 43. g3+ Kg4 44. Qg6+ Kf3 0-1


[Site "https://www.chess.com"]

[Event "Titled Tuesday Blitz May 23 Early 2023"]
[White "Starozhilov, Leonid"]
[Black "Arat, Ufuk Sezen"]
[WhiteFideId "14106752"]
[BlackFideId "6309089"]
[WhiteElo "2352"]
[BlackElo "2289"]
[Result "1-0"]
[Round "05"]
[TimeControl "180+2"]
[Date "2023.05.23"]
[WhiteClock "0:00:17"]
[BlackClock "0:00:01"]

1. e4 c5 2. Nf3 e6 3. c4 Nc6 4. Nc3 Nf6 5. d4 cxd4 6. Nxd4 Bb4 7. Nxc6 bxc6 8. Bd3 d5 9. exd5 exd5 10. cxd5 Nxd5 11. O-O O-O 12. Ne4 Be7 13. a3 Bf5 14. Qc2 Qb6 15. Bd2 Rad8 16. Rad1 Kh8 17. Rfe1 Bxe4 18. Rxe4 f5 19. Re6 Bf6 20. b4 Qd4 21. Rxc6 Nf4 22. Bf1 Qd5 23. Rc5 Qd6 24. Rxf5 Ne6 25. Qe4 Bc3 26. Bxc3 Qxd1 27. Qxe6 Rxf5 28. Qxf5 Rg8 29. Qe5 Qb3 30. Bb2 Qf7 31. h4 Qf6 32. Qxf6 1-0


[Site "https://www.chess.com"]

[Event "Titled Tuesday Blitz May 23 Early 2023"]
[White "Gheorghiu, Calin"]
[Black "SereneSalmon"]
[WhiteFideId "1200305"]
[WhiteElo "2223"]
[BlackElo "2527"]
[Result "1-0"]
[Round "05"]
[TimeControl "180+2"]
[Date "2023.05.23"]
[WhiteClock "0:00:36"]
[BlackClock "0:00:14"]

1. e4 Nf6 2. e5 Nd5 3. d4 d6 4. c4 Nb6 5. f4 dxe5 6. fxe5 c5 7. d5 g6 8. Nc3 Bg7 9. Bf4 O-O 10. Qe2 N8d7 11. O-O-O a6 12. h4 Qc7 13. Nf3 e6 14. d6 Qc6 15. h5 Na4 16. Ne4 b5 17. hxg6 fxg6 18. Bh6 bxc4 19. Bxg7 Kxg7 20. Nfg5 h5 21. Nxe6+ Kg8 22. Nxf8 Nxf8 23. Qxc4+ Be6 24. Nf6+ Kg7 25. Qe4 Qb6 26. Qxa4 Rb8 27. Rd2 c4 28. Bxc4 Rc8 29. Ne8+ Kh8 30. Nc7 Bxc4 31. Qxc4 Ne6 32. Qxe6 Rxc7+ 33. dxc7 1-0


[Site "https://www.chess.com"]

[Event "Titled Tuesday Blitz May 23 Early 2023"]
[White "Srihari L R"]
[Black "Ezat, Mohamed"]
[WhiteFideId "46617116"]
[BlackFideId "10600906"]
[WhiteElo "2334"]
[BlackElo "2386"]
[Result "0-1"]
[Round "05"]
[TimeControl "180+2"]
[Date "2023.05.23"]
[WhiteClock "0:00:37"]
[BlackClock "0:00:15"]

1. c4 Nf6 2. g3 g6 3. Bg2 Bg7 4. Nc3 O-O 5. Nf3 c5 6. O-O d5 7. cxd5 Nxd5 8. d3 Nc6 9. Nxd5 Qxd5 10. Be3 Bxb2 11. Rb1 Bf6 12. Nd4 Qxa2 13. Nxc6 bxc6 14. Bxc6 Bh3 15. Bxa8 Rxa8 16. Bxc5 Qd5 17. e4 Qxc5 18. Re1 Bd4 19. Qf3 h5 20. Rec1 Qe5 21. Rb7 a5 22. Rcc7 Bb6 23. Rc1 Qb2 24. Re1 Bxf2+ 25. Qxf2 Qxb7 26. e5 e6 27. Qc2 a4 28. Rb1 Qd5 29. Qe2 a3 30. Qe3 Qg2# 0-1


[Site "https://www.chess.com"]

[Event "Titled Tuesday Blitz May 23 Early 2023"]
[White "Prohaszka, Peter"]
[Black "Jovic, Stanoje"]
[WhiteFideId "726265"]
[BlackFideId "905020"]
[WhiteElo "2626"]
[BlackElo "2236"]
[Result "1-0"]
[Round "05"]
[TimeControl "180+2"]
[Date "2023.05.23"]
[WhiteClock "0:00:16"]
[BlackClock "0:00:00"]

1. d4 Nf6 2. c4 e6 3. Bf4 d5 4. cxd5 exd5 5. e3 Bd6 6. Bxd6 Qxd6 7. Bd3 O-O 8. h3 b6 9. Nf3 c5 10. Nc3 Nc6 11. O-O c4 12. Bc2 Re8 13. b3 Rb8 14. bxc4 dxc4 15. e4 Qf4 16. e5 Nd7 17. Re1 Qh6 18. Re4 g6 19. Qe2 Bb7 20. d5 Nb4 21. Ba4 Nc5 22. Rh4 Qg7 23. Bxe8 Rxe8 24. Qxc4 a5 25. Rd1 Ba6 26. Qd4 Nbd3 27. Ne4 Nxe4 28. Rxe4 Nc5 29. Re3 Bb7 30. Qb2 Nd7 31. Qb5 Rd8 32. e6 Nf6 33. Qxb6 Rb8 34. Qc7 Qf8 35. e7 Qe8 36. d6 1-0


[Site "https://www.chess.com"]